 Dungeon Crawl Stone Soup version 0.32-a0-768-g0f6f1dd4b9 (webtiles) character file.

Game seed: 15173012676211714211

165 Elsrick the Covered (level 5, -2/41 HPs)
             Began as a Human Fighter on Mar 19, 2024.
             Was a Follower of Zin.
             Incinerated by a bombardier beetle (4 damage)
             ... with a burning spray
             ... on level 3 of the Dungeon.
             The game lasted 00:05:30 (1610 turns).

Elsrick the Covered (Human Fighter)                 Turns: 1610, Time: 00:05:31

Health: -2/41      AC:  9    Str: 25    XL:     5   Next: 46%
Magic:  5/5        EV:  9    Int:  8    God:    Zin [*.....]
Gold:   120        SH:  4    Dex: 12    Spells: 4/4 levels left

rFire   . . .        a - +0 long sword
rCold   . . .        c - +0 buckler
rNeg    . . .        b - +0 scale mail
rPois   .            h - +0 helmet
rElec   .            (no cloak)
rCorr   .            (no gloves)
SInv    .            k - +0 pair of boots
Will    .....        (no amulet) Stlth
                     i - +6 ring of strength
HPRegen 0.26/turn    (no ring)
MPRegen 0.09/turn

%: no passive effects
@: on fire, glowing
A: explore regen
a: Renounce Religion, Recite, Donate Gold


You were on level 3 of the Dungeon.
You worshipped Zin.
Zin was aware of your devotion.
You visited 1 branch of the dungeon, and saw 3 of its levels.

You collected 133 gold pieces.
You donated 13 gold pieces to Zin.

Inventory:

Hand Weapons
 a - a +0 long sword (weapon)
Armour
 b - a +0 scale mail (worn)
 c - a +0 buckler (worn)
 h - a +0 helmet (worn)
 k - a +0 pair of boots (worn)
Jewellery
 i - a +6 ring of strength (left hand)
Scrolls
 d - a scroll of poison {unknown}
 f - 4 scrolls of teleportation {unknown}
 m - 2 scrolls of identify {unknown}
 n - a scroll of amnesia {unknown}
 q - a scroll of immolation {unknown}
Potions
 e - a potion of berserk rage {unknown}
 g - a potion of ambrosia {unknown}
 j - a potion of enlightenment {unknown}
 l - 2 potions of attraction {unknown}
 o - a potion of haste {unknown}
 p - 3 potions of curing {unknown}


   Skills:
 + Level 3.5 Fighting
 + Level 3.8 Long Blades
 + Level 3.9 Armour
 + Level 1.1 Dodging
 + Level 3.4 Shields


You had 4 spell levels left.
You didn't know any spells.
Your spell library contained the following spells:

 Spells                   Type           Power      Damage    Failure   Level
 Blink                    Tloc           0%         N/A       88%         2
 Lesser Beckoning         Tloc           0%         N/A       88%         2
 Momentum Strike          Conj/Tloc      0%         3d8       88%         2
 Gell's Gravitas          Tloc           0%         N/A       98%         3
 Teleport Other           Tloc           0%         N/A       98%         3
 Dispersal                Tloc           0%         N/A       100%        6


Dungeon Overview and Level Annotations

Branches:
Dungeon (3/15)

Altars:
Wu Jian
Zin

Shops:
D:2 *


Innate Abilities, Weirdness & Mutations

You regain HP and MP as you explore.


Message History

Found a ring mail.
The bombardier beetle sprays incendiary fluid at you.
The burning spray hits you.
You are covered in liquid fire!
You barely miss the bombardier beetle. The liquid fire burns you!
The bombardier beetle bites you but does no damage.
You hit the bombardier beetle.
The bombardier beetle is lightly wounded.
The liquid fire burns you!
You block the bombardier beetle's attack.
You hit the bombardier beetle but do no damage.
The bombardier beetle is lightly wounded.
The liquid fire burns you!
You hit the bombardier beetle.
The bombardier beetle is lightly wounded.
The liquid fire burns you!
The bombardier beetle bites you but does no damage.
You hit the bombardier beetle but do no damage.
The bombardier beetle is lightly wounded.
The liquid fire burns you!
The bombardier beetle closely misses you.
You hit the bombardier beetle but do no damage.
The bombardier beetle is lightly wounded.
The liquid fire burns you!
You closely miss the bombardier beetle.
The bombardier beetle is lightly wounded.
The liquid fire burns you!
* * * LOW HITPOINT WARNING * * *
The bombardier beetle bites you.
* * * LOW HITPOINT WARNING * * *
You closely miss the bombardier beetle.
The bombardier beetle is lightly wounded.
The liquid fire burns you!
* * * LOW HITPOINT WARNING * * *
You block the bombardier beetle's attack.
You hit the bombardier beetle but do no damage.
The bombardier beetle is lightly wounded.
The liquid fire burns you!
You die...

#.........#######..............
#.........##...............####
#............#####..>......#
##.......###.# #.........#
#.........##.## #.........#
#.........##..####.........#
#.......................(...
#.........(#############.###
#..........#..@B...[.. .#
##.......#.#.####.####
##.....##.#....#
#####.##.####.# #.##......#
#.##.###### #.##.. #.....
#######


You could see a bombardier beetle.

Vanquished Creatures
  A hound (D:3)
  2 orc wizards (D:3)
  3 gnolls (D:2)
  3 adders
  3 ribbon worms
  2 orcs (D:3)
  2 bats
  2 giant cockroaches
  A goblin (D:1)
  2 hobgoblins (D:1)
  3 quokkas
  4 ball pythons (D:3)
  4 frilled lizards
  A kobold (D:2)
  2 rats (D:1)
35 creatures vanquished.

Notes
Turn   | Place    | Note
-------+----------+-------------------------------------------
     0 | D:1      | Elsrick the Human Fighter began the quest for the Orb.
     0 | D:1      | Reached XP level 1. HP: 18/18 MP: 1/1
   218 | D:1      | Reached XP level 2. HP: 24/24 MP: 2/2
   560 | D:2      | Reached XP level 3. HP: 29/29 MP: 3/3
   888 | D:2      | Reached XP level 4. HP: 28/35 MP: 4/4
   948 | D:2      | Found an ornate altar of the Wu Jian Council.
   960 | D:2      | Found Gyshy's General Store.
  1122 | D:3      | Reached skill level 1 in Dodging
  1213 | D:3      | Found a glowing silver altar of Zin.
  1221 | D:3      | Became a worshipper of Zin the Law-Giver
  1221 | D:3      | Reached * piety under Zin
  1379 | D:3      | Reached XP level 5. HP: 31/41 MP: 5/5
  1609 | D:3      | HP: 2/41 [burnt (5)]
  1610 | D:3      | Incinerated by a bombardier beetle

Illustrated notes

Levels and vault maps discovered:
D:1:      matt_arrival_diagonals, layout_rooms
D:2:      layout_rooms, serial_shops, nicolae_diamond_shop, basic_altar
D:3:      layout_rooms, zin_academy, roderic_lattice_a

Skill      XL: |  1  2  3  4 |
---------------+-------------+-----
Long Blades    | 3 |  3.8
Dodging        | 1 |  1.1
Fighting       | |  3.5
Armour         | |  3.9
Shields        | |  3.4

Action                     |  1- 3 |  4- 6 || total
---------------------------+-------+-------++-------
  Melee: Long sword        |   107 |    82 ||   189
    Use: Potion            |       |     1 ||     1
 Armour: Scale mail        |    92 |    78 ||   170
  Dodge: Dodged            |    50 |    28 ||    78
  Block: Buckler           |    27 |    16 ||    43

Table legend: (Time is in decaauts)
 A = Elapsed time spent in this place.
 B = Non-inter-level travel time spent in this place.
 C = Inter-level travel time spent in this place.
 D = Time resting spent in this place.
 E = Time spent auto-exploring this place.
 F = Levels seen in this place.
 G = Mean time per level.
                   A        B        C        D        E       F      G
               +--------+--------+--------+--------+--------+-----+--------+
         Total |   1662 |   1650 |     12 |    186 |    747 |   3 |  554.0 |
       Dungeon |   1662 |   1650 |     12 |    186 |    747 |   3 |  554.0 |
               +--------+--------+--------+--------+--------+-----+--------+

Top non-repeatable levels by time:
     D:2: 638 daAuts
     D:3: 598 daAuts
     D:1: 426 daAuts
